[Event "*** Titled Tuesday Blitz"]
[Site "Chess.com"]
[Date "2020.04.07"]
[Round "1"]
[White "poliplaza"]
[Black "MarcoRiehle"]
[Result "0-1"]
[WhiteElo "2353"]
[BlackElo "2693"]
[TimeControl "180+1"]
[EndTime "13:01:38 PDT"]
[Termination "MarcoRiehle won by checkmate"]

1. d4 d5 2. c4 e6 3. Nc3 c5 4.
cxd5 cxd4 5. Qxd4 Nc6 6. Qc4 exd5 7. Qxd5 Be6 8. Qxd8+ Rxd8 9. Bd2 Nb4 10. O-O-O Nxa2+ 11. Nxa2 Bxa2 12. Nf3 Bb3 13. Re1 Nf6 14. e4 Bc5 15. Be3 Bxe3+ 16. Rxe3 Rd1# 0-1

[Event "*** Titled Tuesday Blitz"]
[Site "Chess.com"]
[Date "2020.04.07"]
[Round "1"]
[White "vanea_03"]
[Black "MacDaddyMac"]
[Result "1-0"]
[WhiteElo "2632"]
[BlackElo "2302"]
[TimeControl "180+1"]
[EndTime "13:02:00 PDT"]
[Termination "vanea_03 won by resignation"]

1. d4 Nf6 2. c4 e6 3. g3 Bb4+ 4.
Bd2 Qe7 5. Bg2 a5 6. e3 d6 7. Ne2 e5 8. O-O O-O 9. Bc1 c5 10. a3 cxd4 11. axb4 dxe3 12. Bxe3 Nc6 13. bxa5 Be6 14.
b3 Nxa5 15. Nbc3 Rfd8 16. Bb6 1-0

[Event "*** Titled Tuesday Blitz"]
[Site "Chess.com"]
[Date "2020.04.07"]
[Round "1"]
[White "W_Amadeus"]
[Black "golem2007"]
[Result "1-0"]
[WhiteElo "2756"]
[BlackElo "2403"]
[TimeControl "180+1"]
[EndTime "13:02:29 PDT"]
[Termination "W_Amadeus won by resignation"]

1. e4 c5 2. Nf3 d6 3. d4 cxd4 4.
Nxd4 Nf6 5. Nc3 g6 6. Be3 a6 7. f3 Bg7 8. Qd2 O-O 9. O-O-O b5 10. Bh6 Bb7 11. h4 Nc6 12. Nxc6 Bxc6 13. h5 Nxh5 14. Rxh5 gxh5 15. Qg5 1-0

[Event "*** Titled Tuesday Blitz"]
[Site "Chess.com"]
[Date "2020.04.07"]
[Round "1"]
[White "Artem_Sadovsky"]
[Black "manmanlai1"]
[Result "1-0"]
[WhiteElo "2620"]
[BlackElo "2284"]
[TimeControl "180+1"]
[EndTime "13:02:50 PDT"]
[Termination "Artem_Sadovsky won by resignation"]

1. Nf3 d5 2. g3 c6 3. Bg2 Bg4 4. O-O e6 5. b3 Nf6 6. Bb2 Nbd7 7. c4 Bd6 8. d3 O-O 9. Nbd2 Qe7 10. Qc2 h6 11. Rad1 e5 12. h3 Be6 13. e4 dxe4 14.
Nxe4 Nxe4 15. dxe4 f6 16. Nh4 Rfd8 17. Ng6 Qf7 18.
Rxd6 Qxg6 19. Rxe6 Nc5 20. Re7 Kf8 21. Rc7 Na6 22.
Rxb7 1-0

[Event "*** Titled Tuesday Blitz"]
[Site "Chess.com"]
[Date "2020.04.07"]
[Round "1"]
[White "semchik73"]
[Black "JustaTrickstar"]
[Result "0-1"]
[WhiteElo "2319"]
[BlackElo "2651"]
[TimeControl "180+1"]
[EndTime "13:02:53 PDT"]
[Termination "JustaTrickstar won by resignation"]

1. Nf3 d5 2. c4 e6 3. d4 Nf6 4. Nc3 Nbd7 5. Bg5 h6 6. Bh4 Be7 7. e3 O-O 8. Bd3 c5 9. cxd5 Nxd5 10. Bxe7 Qxe7 11. O-O b6 12. e4 Nxc3 13. bxc3 Bb7 14.
e5 cxd4 15. cxd4 Rfd8 16. Qe2 Rac8 17. Rac1 Nf8 18. Be4 Bxe4 19. Qxe4 Qa3 20. Rxc8 Rxc8 21. Qb7 Rc2 22. d5 exd5 23. Qxd5 Qxa2 24. Qd8 b5 25.
Nd4 Rd2 26. e6 fxe6 27. Qh4 Qc4 0-1

[Event "*** Titled Tuesday Blitz"]
[Site "Chess.com"]
[Date "2020.04.07"]
[Round "1"]
[White "almo64"]
[Black "Rubinstein_Akiba"]
[Result "1-0"]
[WhiteElo "2761"]
[BlackElo "2357"]
[TimeControl "180+1"]
[EndTime "13:03:04 PDT"]
[Termination "almo64 won by resignation"]

1. e4 c5 2. Nf3 d6 3. d4 cxd4 4. Nxd4 Nf6 5. Nc3 a6 6. Rg1 e5 7.
Nb3 Be6 8. g4 Be7 9. g5 Nfd7 10.
Nd5 Bxd5 11. exd5 b5 12. a4 bxa4 13. Rxa4 Nb6 14. Ra5 N8d7 15. Bd3 Nc5 16. Nxc5 dxc5 17. c4 Nxc4 18. Qa4+ Kf8 19. Bxc4 Rb8 20. Rxa6 Rb4 21. Qa2 Qb8 22. Ra8 1-0

[Event "*** Titled Tuesday Blitz"]
[Site "Chess.com"]
[Date "2020.04.07"]
[Round "1"]
[White "dretch"]
[Black "Manukyan_Artak"]
[Result "1-0"]
[WhiteElo "2836"]
[BlackElo "2440"]
[TimeControl "180+1"]
[EndTime "13:03:09 PDT"]
[Termination "dretch won by resignation"]

1. d4 e6 2. c4 d5 3. Nc3 Nf6 4. cxd5 exd5 5. Bg5 a6 6. Bxf6 gxf6 7. g3 f5 8. Bh3 c6 9. Qc2 Qf6 10. Nxd5 Qd6 11. Nc3 Be6 12. Nf3 Nd7 13. Bxf5 O-O-O 14. Bxe6 fxe6 15. O-O-O h5 16. Kb1 Kb8 17. Ng5 Qe7 18. Nge4 Bg7 19. e3 h4 20. Ne2 hxg3 21. hxg3 Nf6 22. Rxh8 Rxh8 23. Nxf6 Qxf6 24. Nf4 e5 25. dxe5 Qxe5 26. Ng6 1-0

[Event "*** Titled Tuesday Blitz"]
[Site "Chess.com"]
[Date "2020.04.07"]
[Round "1"]
[White "ninjaturtle04"]
[Black "AndreyNeves"]
[Result "1-0"]
[WhiteElo "2551"]
[BlackElo "2171"]
[TimeControl "180+1"]
[EndTime "13:03:13 PDT"]
[Termination "ninjaturtle04 won by resignation"]

1. e4 c5 2. Nf3 Nc6 3. Bb5 g6 4. Bxc6 dxc6 5. d3 Bg7 6. h3 e5 7.
Nc3 b6 8. Be3 f6 9. a3 a5 10. O-O Nh6 11. Na4 Nf7 12. b4 axb4 13. axb4 O-O 14. bxc5 b5 15. Nb6 Rxa1 16. Qxa1 Be6 17.
d4 exd4 18. Nxd4 Bd7 19. Qa7 Be8 20. Ne6 1-0

[Event "*** Titled Tuesday Blitz"]
[Site "Chess.com"]
[Date "2020.04.07"]
[Round "1"]
[White "Gogolev_Artemy"]
[Black "jefferyx"]
[Result "0-1"]
[WhiteElo "2461"]
[BlackElo "2896"]
[TimeControl "180+1"]
[EndTime "13:03:21 PDT"]
[Termination "jefferyx won by resignation"]

1. d4 g6 2. Nf3 Bg7 3. c4 d6 4. g3 Nc6 5. Bg2 Bd7 6. O-O Qc8 7.
Re1 Bh3 8. Bh1 h5 9. d5 Ne5 10. Nxe5 Bxe5 11. Nc3 h4 12. Qa4+ Kf8 13. Be3 Nf6 14.
Rad1 Qf5 15. c5 Qh5 16. Bf4 hxg3 17. hxg3 Bd7 18. Bg2 Bxa4 0-1

[Event "*** Titled Tuesday Blitz"]
[Site "Chess.com"]
[Date "2020.04.07"]
[Round "1"]
[White "swisspower96"]
[Black "AEMEffi"]
[Result "1-0"]
[WhiteElo "2679"]
[BlackElo "2336"]
[TimeControl "180+1"]
[EndTime "13:03:29 PDT"]
[Termination "swisspower96 won by resignation"]

1. d4 d5 2. c4 c6 3. Nf3 Nf6 4. e3 a6 5. Nc3 b5 6. b3 Bf5 7.
Be2 e6 8. O-O h6 9. Bb2 Be7 10.
Ne5 O-O 11. Rc1 Nfd7 12. f4 f6 13. Nf3 Bd6 14. Nh4 Bh7 15. Bh5 f5 16. Qe1 Nf6 17.
Bg6 Bxg6 18. Nxg6 Re8 19. Ne5 Bxe5 20. fxe5 Ne4 21. Nxe4 dxe4 22. Ba3 Nd7 23. Bd6 Nb6 24. cxb5 cxb5 25. Bc7 1-0

[Event "*** Titled Tuesday Blitz"]
[Site "Chess.com"]
[Date "2020.04.07"]
[Round "1"]
[White "matiss90"]
[Black "cukin84"]
[Result "1/2-1/2"]
[WhiteElo "2515"]
[BlackElo "2109"]
[TimeControl "180+1"]
[EndTime "13:03:33 PDT"]
[Termination "Game drawn by agreement"]

1. e4 c6 2. d4 d5 3. Nc3 a6 4.
Nf3 Bg4 5. h3 Bxf3 6. Qxf3 e6 7.
Bd3 Nf6 8. O-O dxe4 9. Nxe4 Nbd7 10. c4 Nxe4 11. Bxe4 Nf6 12. Be3 Nxe4 13. Qxe4 Be7 14. Rfd1 O-O 15. b3 Bf6 16. Rac1 g6 17. a4 Re8 18.
Qf3 Bg7 19. g3 Qa5 20. h4 h5 21. Kg2 Rad8 22. Qe4 Qb4 23. Qc2 1/2-1/2

[Event "*** Titled Tuesday Blitz"]
[Site "Chess.com"]
[Date "2020.04.07"]
[Round "1"]
[White "wild_cat99"]
[Black "Quiet_Desperation"]
[Result "1-0"]
[WhiteElo "2519"]
[BlackElo "2036"]
[TimeControl "180+1"]
[EndTime "13:03:38 PDT"]
[Termination "wild_cat99 won by resignation"]

1. Nf3 Nf6 2. c4 e6 3. e3 d5 4. b3 Be7 5. Nc3 O-O 6. Bb2 c6 7. g3 b6 8. Bg2 Nbd7 9. O-O Bb7 10. d4 Rc8 11. Rc1 Re8 12. Qc2 Ba6 13. Nd2 c5 14.
dxc5 Nxc5 15. b4 Nce4 16. Ncxe4 Nxe4 17. Nxe4 dxe4 18. Rfd1 Qc7 19. Bxe4 Qxc4 20. Bxh7+ Kh8 21. Qxc4 Rxc4 22. Rxc4 Bxc4 23. Be4 Rd8 24. Rc1 Bxa2 25. Ra1 Bd5 26. Bxd5 Rxd5 27. Rxa7 Bxb4 28. Rxf7 1-0

[Event "*** Titled Tuesday Blitz"]
[Site "Chess.com"]
[Date "2020.04.07"]
[Round "1"]
[White "DryCounty"]
[Black "AlphaZ3r0"]
[Result "1-0"]
[WhiteElo "2602"]
[BlackElo "2260"]
[TimeControl "180+1"]
[EndTime "13:03:39 PDT"]
[Termination "DryCounty won by checkmate"]

1. e4 c5 2. Nf3 e6 3. d4 cxd4 4. Nxd4 Nc6 5. Nc3 Qc7 6. g3 a6 7. Bg2 Nf6 8. O-O h5 9. h3 Nxd4 10. Qxd4 Bc5 11. Bf4 d6 12. Qd2 e5 13. Bg5 Nh7 14. Nd5 Qc6 15. Be3 Nf8 16. Bxc5 dxc5 17. f4 h4 18. f5 hxg3 19. Qg5 Rh7 20. Qe7# 1-0

[Event "*** Titled Tuesday Blitz"]
[Site "Chess.com"]
[Date "2020.04.07"]
[Round "1"]
[White "Shukh_Nikolay"]
[Black "tteshan"]
[Result "1-0"]
[WhiteElo "2555"]
[BlackElo "2189"]
[TimeControl "180+1"]
[EndTime "13:03:39 PDT"]
[Termination "Shukh_Nikolay won by resignation"]

1. d4 d5 2. c4 dxc4 3. Nf3 Nf6 4.
a4 e6 5. e3 Bd6 6. Nbd2 O-O 7. Nxc4 a6 8. Bd3 Nc6 9. O-O Re8 10. b3 b6 11. Bb2 Bb7 12. Rc1 Nb4 13.
Bb1 Bf8 14. Nfe5 c5 15. a5 bxa5 16. dxc5 Bxc5 17. Qxd8 Rexd8 18. Nxa5 1-0

[Event "*** Titled Tuesday Blitz"]
[Site "Chess.com"]
[Date "2020.04.07"]
[Round "1"]
[White "swayamsm"]
[Black "Olga_Zhuravleva"]
[Result "1-0"]
[WhiteElo "2580"]
[BlackElo "2221"]
[TimeControl "180+1"]
[EndTime "13:03:42 PDT"]
[Termination "swayamsm won by resignation"]

1. d4 Nf6 2. Nf3 e6 3. Bf4 Be7 4. e3 O-O 5. Bd3 d6 6. Nbd2 h6 7. g4 Nd5 8. Bg3 Nb4 9. Be2 c5 10. c3 N4c6 11. h4 cxd4 12. exd4 e5 13. d5 e4 14. Nxe4 Ne5 15. Nxe5 dxe5 16. d6 Bf6 17. Qd3 Nc6 18. g5 1-0

[Event "*** Titled Tuesday Blitz"]
[Site "Chess.com"]
[Date "2020.04.07"]
[Round "1"]
[White "Azeryahu"]
[Black "Thee-Chessboy"]
[Result "1-0"]
[WhiteElo "2873"]
[BlackElo "2457"]
[TimeControl "180+1"]
[EndTime "13:03:45 PDT"]
[Termination "Azeryahu won by resignation"]

1. g3 g6 2. Bg2 Bg7 3. c4 Nf6 4. Nc3 O-O 5. Nf3 d6 6. O-O e5 7. d3 Re8 8. b3 e4 9. dxe4 Nxe4 10. Nxe4 Rxe4 11. Bg5 Qe8 12. Rc1 Rxe2 13. Nd4 Re5 14. Bf4 Re7 15. Qd2 Nc6 16. Nb5 a6 17. Nc3 Nd4 18. Rfe1 Bg4 19. Nd5 Rxe1+ 20. Rxe1 Qd8 21. Bg5 Qd7 22. Nf6+ Bxf6 23. Bxf6 Nf5 24. h3 1-0

[Event "*** Titled Tuesday Blitz"]
[Site "Chess.com"]
[Date "2020.04.07"]
[Round "1"]
[White "Stormeman100100"]
[Black "gena217"]
[Result "0-1"]
[WhiteElo "2474"]
[BlackElo "2940"]
[TimeControl "180+1"]
[EndTime "13:03:46 PDT"]
[Termination "gena217 won by resignation"]

1. e4 c6 2. d4 d5 3. e5 Bf5 4. Nf3 e6 5. Be2 Ne7 6. O-O c5 7. c4 Nbc6 8. cxd5 Nxd5 9. Nc3 Nxc3 10. bxc3 Be7 11. Be3 O-O 12. Qd2 Qc7 13. h3 Rfd8 14. Qb2 Be4 15. Rfd1 h6 16. Rac1 Rab8 17. Bf4 b5 18.
Qd2 cxd4 19. cxd4 Qb7 20. Qe3 Nb4 21. Rd2 Rbc8 22. Rxc8 Rxc8 23. a3 Nc2 24. Qb3 Nxa3 25. Ra2 b4 26. Rxa3 bxa3 0-1

[Event "*** Titled Tuesday Blitz"]
[Site "Chess.com"]
[Date "2020.04.07"]
[Round "1"]
[White "artooon"]
[Black "Gerasimenyuk_Miha"]
[Result "1-0"]
[WhiteElo "2714"]
[BlackElo "2366"]
[TimeControl "180+1"]
[EndTime "13:03:47 PDT"]
[Termination "artooon won by resignation"]

1. e4 c6 2. d4 d5 3. e5 c5 4.
dxc5 Nc6 5. Nf3 Bg4 6. c3 a5 7.
Bb5 e6 8. Qa4 Bxf3 9. Bxc6+ bxc6 10. Qxc6+ Ke7 11. gxf3 Rc8 12. Qd6+ Ke8 13. Qxd8+ Kxd8 14. b4 f6 15. f4 Ne7 16. exf6 gxf6 17. Nd2 Kd7 18. Ke2 Bh6 19. Nb3 a4 20. Nd4 Nc6 21.
f5 Nxd4+ 22. cxd4 Bxc1 23. fxe6+ Kxe6 24. Rhxc1 Kf5 25. Rc3 Rhe8+ 26. Re3 Re4 27. Kd3 a3 28. b5 Ra8 29. Rb1 Ra4 30. Rxe4 dxe4+ 31. Ke3 Rc4 32.
b6 Rc3+ 33. Kd2 Rd3+ 34. Ke2 1-0

[Event "*** Titled Tuesday Blitz"]
[Site "Chess.com"]
[Date "2020.04.07"]
[Round "1"]
[White "Malev212"]
[Black "Berant"]
[Result "1-0"]
[WhiteElo "2634"]
[BlackElo "2282"]
[TimeControl "180+1"]
[EndTime "13:03:58 PDT"]
[Termination "Malev212 won by resignation"]

1. d4 Nf6 2. c4 e6 3. Nc3 d5 4. e3 c5 5. Nf3 Nc6 6. a3 Be7 7. dxc5 Bxc5 8. b4 Be7 9. Bb2 O-O 10. Qc2 b6 11. Rd1 Bb7 12. Bd3 Qc7 13. cxd5 exd5 14.
Nxd5 Nxd5 15. Bxh7+ Kh8 16. Rxd5 Rac8 17. Rh5 f5 18.
Bxf5+ Kg8 19. Be6+ Rf7 20. Qh7+ 1-0

[Event "*** Titled Tuesday Blitz"]
[Site "Chess.com"]
[Date "2020.04.07"]
[Round "1"]
[White "silverback96"]
[Black "jmduque"]
[Result "1-0"]
[WhiteElo "2076"]
[BlackElo "2503"]
[TimeControl "180+1"]
[EndTime "13:03:59 PDT"]
[Termination "silverback96 won by resignation"]

1. d4 Nf6 2. c4 b6 3. f3 Bb7 4. e4 e6 5. Nc3 d5 6. e5 Nfd7 7. cxd5 exd5 8. Bb5 Be7 9. f4 O-O 10. Nf3 c5 11. O-O cxd4 12. Nxd4 Nc5 13. f5 Ne4 14. f6 gxf6 15. Bh6 fxe5 16. Qg4+ Bg5 17. Nxe4 Bc8 18. Nf5 f6 19. Nxg5 fxg5 20. Bxg5 Bxf5 21. Rxf5 Qc8 1-0

[Event "*** Titled Tuesday Blitz"]
[Site "Chess.com"]
[Date "2020.04.07"]
[Round "1"]
[White "littleozy"]
[Black "HansCoolNiemann"]
[Result "0-1"]
[WhiteElo "2472"]
[BlackElo "2934"]
[TimeControl "180+1"]
[EndTime "13:04:00 PDT"]
[Termination "HansCoolNiemann won by resignation"]

1. d4 Nf6 2. Nc3 d5 3. Bg5 c6 4.
f3 h6 5. Bxf6 exf6 6. e4 dxe4 7.
fxe4 Bb4 8. Nf3 O-O 9. Bc4 c5 10. d5 Bg4 11. h3 Bxf3 12. Qxf3 Nd7 13. O-O Ne5 14. Qe2 a6 15. a3 Ba5 16. a4 Bc7 17. b3 Qd6 18. Rad1 Rfe8 19. g4 Nxc4 20. bxc4 Qg3+ 0-1

[Event "*** Titled Tuesday Blitz"]
[Site "Chess.com"]
[Date "2020.04.07"]
[Round "1"]
[White "Opening_Prep"]
[Black "omidnoroozi21"]
[Result "1-0"]
[WhiteElo "2283"]
[BlackElo "2589"]
[TimeControl "180+1"]
[EndTime "13:04:06 PDT"]
[Termination "Opening_Prep won by resignation"]

1. d4 d5 2. c4 e6 3. Nc3 a6 4.
cxd5 exd5 5. Qb3 c5 6. Nxd5 Be6 7. e4 Nc6 8. Nf3 cxd4 9. Qxb7 Bxd5 10. exd5 Nb4 11.
Ne5 Be7 12. d6 Nc2+ 13. Kd1 Nxa1 14. Qc6+ Kf8 15. Nd7+ Qxd7 16. Qxd7 1-0

[Event "*** Titled Tuesday Blitz"]
[Site "Chess.com"]
[Date "2020.04.07"]
[Round "1"]
[White "nihalsarin"]
[Black "Moon_stone123"]
[Result "1-0"]
[WhiteElo "3080"]
[BlackElo "2497"]
[TimeControl "180+1"]
[EndTime "13:04:10 PDT"]
[Termination "nihalsarin won by resignation"]

1. e4 c5 2. Nf3 d6 3. Nc3 Nf6 4.
e5 dxe5 5. Nxe5 Nbd7 6. d4 cxd4 7. Qxd4 Nxe5 8. Qxe5 e6 9. Bg5 Bd6 10. Bb5+ Kf8 11.
O-O-O Ke7 12. Nd5+ Kf8 13. Nxf6 gxf6 14. Bxf6 1-0

[Event "*** Titled Tuesday Blitz"]
[Site "Chess.com"]
[Date "2020.04.07"]
[Round "1"]
[White "vova-79"]
[Black "KuzubovYuriy"]
[Result "0-1"]
[WhiteElo "2432"]
[BlackElo "2811"]
[TimeControl "180+1"]
[EndTime "13:04:16 PDT"]
[Termination "KuzubovYuriy won by resignation"]

1. d4 Nf6 2. c4 e6 3. Nc3 Bb4 4. e3 O-O 5. Ne2 c6 6. a3 Ba5 7. Qc2 d5 8. Ng3 Nbd7 9. Be2 dxc4 10. Bxc4 e5 11. O-O exd4 12. exd4 Nb6 13. Ba2 Nbd5 14.
Bg5 h6 15. Bxf6 Nxf6 16. Rad1 Bxc3 17. bxc3 Qa5 18. Qb2 Nd5 19. Rd3 Be6 20. f4 Rae8 21. c4 Nb6 22. Rc3 Na4 0-1

[Event "*** Titled Tuesday Blitz"]
[Site "Chess.com"]
[Date "2020.04.07"]
[Round "1"]
[White "BillCoe"]
[Black "Harry_Rakkel"]
[Result "0-1"]
[WhiteElo "2021"]
[BlackElo "2516"]
[TimeControl "180+1"]
[EndTime "13:04:22 PDT"]
[Termination "Harry_Rakkel won by resignation"]

1. e4 c5 2. Nf3 e6 3. d4 cxd4 4. Nxd4 Nc6 5. Be3 Nf6 6. Bd3 d5 7. Nxc6 bxc6 8. e5 Nd7 9. f4 Nc5 10. O-O Nxd3 11. Qxd3 Be7 12. Nd2 O-O 13. Rad1 a5 14.
Rf3 Ba6 15. Qc3 Be2 16. Rdf1 Bb4 17. Qxc6 d4 18. Rh3 dxe3 19. Qe4 g6 0-1

[Event "*** Titled Tuesday Blitz"]
[Site "Chess.com"]
[Date "2020.04.07"]
[Round "1"]
[White "Sviridov_Valery"]
[Black "dachessmandan"]
[Result "1-0"]
[WhiteElo "2733"]
[BlackElo "2387"]
[TimeControl "180+1"]
[EndTime "13:04:28 PDT"]
[Termination "Sviridov_Valery won by resignation"]

1. Nf3 Nf6 2. d4 e6 3. e3 b6 4. Nbd2 Bb7 5. Bd3 Be7 6. O-O O-O 7. Qe2 d6 8. e4 Nbd7 9. e5 dxe5 10. dxe5 Nd5 11. Ne4 Nb4 12. Bc4 Nc5 13. Nxc5 Bxc5 14. c3 Nd5 15. Bd3 g6 16. Bh6 Re8 17. Rad1 Qe7 18. a3 a5 19. c4 Nb4 20. axb4 axb4 21. Be4 Bxe4 22. Qxe4 Ra2 23. Rd2 Rea8 24. h4 Ra1 25.
Rxa1 Rxa1+ 26. Kh2 f5 27. exf6 Qxf6 28. Bg5 Qf7 29. Rd8+ Kg7 30. Qe5+ 1-0

[Event "*** Titled Tuesday Blitz"]
[Site "Chess.com"]
[Date "2020.04.07"]
[Round "1"]
[White "ChesterF"]
[Black "GHANDEEVAM2003"]
[Result "0-1"]
[WhiteElo "2483"]
[BlackElo "2969"]
[TimeControl "180+1"]
[EndTime "13:04:32 PDT"]
[Termination "GHANDEEVAM2003 won by resignation"]

1. d4 d5 2. c4 e6 3. Nc3 c6 4. Nf3 Nf6 5. Bg5 h6 6. Bh4 dxc4 7. e4 g5 8. Bg3 b5 9. Be2 Bb7 10. h4 g4 11. Ne5 Nbd7 12. Nxg4 Rg8 13. Nxf6+ Nxf6 14. e5 Nd5 15. O-O Qb6 16. Ne4 O-O-O 17. a4 a6 18. Rc1 Kb8 19. b3 cxb3 20. Qxb3 Qxd4 21. axb5 cxb5 22. Nd6 Bxd6 23. exd6 Nf4 24. Bf3 Rxg3 25. Rfd1 Rxf3 26. Qxf3 Bxf3 27. Rxd4 Ne2+ 0-1

[Event "*** Titled Tuesday Blitz"]
[Site "Chess.com"]
[Date "2020.04.07"]
[Round "1"]
[White "donotreadit"]
[Black "twitchTriniCupid"]
[Result "1-0"]
[WhiteElo "2762"]
[BlackElo "2404"]
[TimeControl "180+1"]
[EndTime "13:04:32 PDT"]
[Termination "donotreadit won by resignation"]

1. Nf3 g6 2. d4 Bg7 3. g3 b6 4. Bg2 Bb7 5. O-O Nf6 6. b3 O-O 7. Bb2 d6 8. c4 Nbd7 9. Nc3 Re8 10. Qc2 e5 11. e3 c6 12. Rad1 Qc7 13. Rfe1 Rad8 14.
Qb1 h6 15. h3 Nf8 16. Qa1 exd4 17. Nxd4 Ne6 18. Nde2 Qb8 19. Kh2 h5 20. h4 Ng4+ 21. Kg1 Nc5 22. Nf4 a5 23. Rd2 Ne5 24. Red1 Rd7 25.
Nce2 Red8 26. Nd4 Qc7 27. Nf3 Nxf3+ 28. Bxf3 Bxb2 29. Qxb2 d5 30. cxd5 cxd5 31. Bxd5 Bxd5 32. Nxd5 Rxd5 33. Rxd5 Rxd5 34. Rxd5 Qc6 35. Rd8+ 1-0

[Event "*** Titled Tuesday Blitz"]
[Site "Chess.com"]
[Date "2020.04.07"]
[Round "1"]
[White "tgpgoat"]
[Black "Crazy_girl99"]
[Result "0-1"]
[WhiteElo "2052"]
[BlackElo "2521"]
[TimeControl "180+1"]
[EndTime "13:04:33 PDT"]
[Termination "Crazy_girl99 won by resignation"]

1. e4 e5 2. Nf3 Nc6 3. Bc4 Bc5 4.
c3 Nf6 5. d3 d6 6. h3 a6 7. Bb3 Ba7 8. O-O h6 9. Re1 O-O 10.
Nbd2 Re8 11. Nf1 Be6 12. Bc2 d5 13. exd5 Bxd5 14. Ng3 Qd7 15. Be3 Bxe3 16. Rxe3 Rad8 17. Qe2 Qd6 18. Re1 b5 19. Nxe5 Nxe5 20. Rxe5 Rxe5 21.
Qxe5 Re8 22. Qxe8+ Nxe8 23. Rxe8+ Kh7 24. d4+ g6 25.
Ne4 Qf4 26. g3 Qc1+ 27. Kh2 Qxc2 28. Nf6+ Kg7 29. Nxd5 Qxf2+ 30. Kh1 Qf3+ 0-1

[Event "*** Titled Tuesday Blitz"]
[Site "Chess.com"]
[Date "2020.04.07"]
[Round "1"]
[White "Leo_C"]
[Black "Harut-1998"]
[Result "0-1"]
[WhiteElo "2323"]
[BlackElo "2651"]
[TimeControl "180+1"]
[EndTime "13:04:34 PDT"]
[Termination "Harut-1998 won by resignation"]

1. d4 Nf6 2. c4 e6 3. Nc3 Bb4 4. Qc2 O-O 5. Nf3 b6 6. e4 d6 7. Bd3 Nfd7 8. O-O e5 9. a3 Bxc3 10. bxc3 Nc6 11. Be3 Qe7 12. Rfe1 Na5 13. Qe2 c5 14.
Nd2 Ba6 15. f4 f6 16. d5 exf4 17. Bxf4 Ne5 18. Rab1 Rae8 19. Kh1 Qc7 20. Qf1 Qd7 21.
Be2 Qa4 22. Nf3 Bxc4 23. Nxe5 fxe5 24. Bxc4 Nxc4 0-1

[Event "*** Titled Tuesday Blitz"]
[Site "Chess.com"]
[Date "2020.04.07"]
[Round "1"]
[White "Vojtastr"]
[Black "m-garcett"]
[Result "1-0"]
[WhiteElo "2508"]
[BlackElo "1903"]
[TimeControl "180+1"]
[EndTime "13:04:34 PDT"]
[Termination "Vojtastr won by resignation"]

1. c4 Nf6 2. Nc3 g6 3. e4 d6 4. d4 Bg7 5. Nf3 O-O 6. Be2 e5 7. d5 Nc6 8. dxc6 bxc6 9. Bg5 Be6 10. O-O h6 11. Bh4 Qe8 12. Nd2 Nh7 13. c5 f5 14. f3 f4 15. cxd6 g5 16. Bf2 cxd6 17. Nc4 d5 18. Nd6 Qd7 19. exd5 cxd5 20. Nxd5 Rad8 21. Bc5 Qc6 22. Ne7+ Kh8 23. Nxc6 1-0

[Event "*** Titled Tuesday Blitz"]
[Site "Chess.com"]
[Date "2020.04.07"]
[Round "1"]
[White "Qvalda"]
[Black "theprosecution1"]
[Result "0-1"]
[WhiteElo "2421"]
[BlackElo "2801"]
[TimeControl "180+1"]
[EndTime "13:04:35 PDT"]
[Termination "theprosecution1 won by checkmate"]

1. e4 e6 2. d4 d5 3. Bd3 Nf6 4. e5 Nfd7 5. c3 c5 6. Ne2 Nc6 7. a3 f6 8. exf6 Nxf6 9. O-O Bd6 10. dxc5 Bxc5 11. b4 Bd6 12. c4 O-O 13. cxd5 exd5 14.
h3 Kh8 15. Bb2 Bd7 16. Nd2 Nh5 17. Nb3 Qh4 18. Nbd4 Bxh3 19. gxh3 Qxh3 20. f4 Nxf4 21. Nxf4 Rxf4 22. Rxf4 Bxf4 23. Nf3 Be3# 0-1

[Event "*** Titled Tuesday Blitz"]
[Site "Chess.com"]
[Date "2020.04.07"]
[Round "1"]
[White "saraswathii"]
[Black "ShahMatKanal"]
[Result "0-1"]
[WhiteElo "2220"]
[BlackElo "2578"]
[TimeControl "180+1"]
[EndTime "13:04:36 PDT"]
[Termination "ShahMatKanal won by resignation"]

1. e4 c6 2. d3 g6 3. Nf3 Bg7 4. g3 d6 5. Bg2 Nf6 6. O-O O-O 7. Nbd2 a5 8. a4 Na6 9. Nb3 Be6 10. Nfd4 Bg4 11.
Qe1 Nb4 12. Bd2 c5 13. Bxb4 axb4 14. Nb5 Nd7 15. c3 Be6 16. Nc1 Nb6 17. Qd1 Bd7 18. Qb3 Bxb5 0-1

[Event "*** Titled Tuesday Blitz"]
[Site "Chess.com"]
[Date "2020.04.07"]
[Round "1"]
[White "MergenKakabaev"]
[Black "sandromareco"]
[Result "0-1"]
[WhiteElo "2465"]
[BlackElo "2905"]
[TimeControl "180+1"]
[EndTime "13:04:38 PDT"]
[Termination "sandromareco won by resignation"]

1. e4 c6 2. d4 d5 3. e5 Bf5 4. h4 h6 5. g4 Be4 6. f3 Bh7 7. Bd3 Bxd3 8. Qxd3 e6 9. Nc3 c5 10. Be3 Nc6 11. Nge2 h5 12. gxh5 Nge7 13. Ng3 cxd4 14. Bxd4 Nxd4 15. Qxd4 Nc6 16. Qa4 Qd7 17. f4 Bb4 18. Ne2 Rxh5 19. O-O-O O-O-O 20. a3 Be7 21.
Nb5 a6 22. Nbd4 Nxe5 23. Qb3 Nc4 24. Ng3 Rxh4 25. Rxh4 Bxh4 26. Rh1 Bf6 27. Nf3 Bxb2+ 28. Kb1 Bf6 29. f5 e5 30. Nh5 e4 0-1

[Event "*** Titled Tuesday Blitz"]
[Site "Chess.com"]
[Date "2020.04.07"]
[Round "1"]
[White "Shivagami"]
[Black "Winehouse83"]
[Result "0-1"]
[WhiteElo "2143"]
[BlackElo "2536"]
[TimeControl "180+1"]
[EndTime "13:04:40 PDT"]
[Termination "Winehouse83 won by resignation"]

1. d4 Nf6 2. c4 e6 3. Nc3 Bb4 4.
f3 c5 5. d5 exd5 6. cxd5 d6 7.
e4 O-O 8. Bd3 Nbd7 9. a3 Ba5 10.
Ne2 Ne5 11. Bc2 b5 12. O-O a6 13. f4 Ng6 14. Ng3 Bb6 15. h3 c4+ 16. Kh2 h5 17. Nxh5 Ng4+ 18. Kh1 Qh4 19. f5 N6e5 20. Nf4 Qg3 21.
hxg4 Nxg4 22. Qxg4 Qxg4 23. Rf3 Qh4+ 24. Rh3 Qe1+ 0-1

[Event "*** Titled Tuesday Blitz"]
[Site "Chess.com"]
[Date "2020.04.07"]
[Round "1"]
[White "bait_or_mate"]
[Black "guilhermedeola"]
[Result "1-0"]
[WhiteElo "2521"]
[BlackElo "2050"]
[TimeControl "180+1"]
[EndTime "13:04:40 PDT"]
[Termination "bait_or_mate won by resignation"]

1. d4 d5 2. c4 e6 3. Nf3 Nf6 4. g3 Bb4+ 5. Nbd2 O-O 6. Bg2 c6 7. O-O Re8 8. b3 Nbd7 9. Bb2 Nf8 10. Re1 Ng6 11. a3 Ba5 12. b4 Bc7 13. e4 dxe4 14.
Nxe4 e5 15. dxe5 Qxd1 16. Raxd1 Nxe5 17. Nxe5 Bxe5 18. Bxe5 Rxe5 19. Nxf6+ gxf6 20. Rxe5 fxe5 21. Rd8+ Kg7 22. Bh3 Bxh3 23. Rxa8 Be6 24. Rxa7 Bxc4 25. Rxb7 Bd5 26. Rc7 Kf8 27. a4 Ke8 28. a5 Kd8 29. Rb7 Bc4 30. Rb6 Kc7 31. f3 h6 32.
Kf2 f6 33. Ke3 Bd5 34. b5 cxb5 35. Rxb5 Bc6 36. Rc5 Kb7 37. Rxc6 Kxc6 38. Ke4 1-0